 Dungeon Crawl Stone Soup version 0.18.1-8-gdd0e5ea (webtiles) character file.

296241 GordonOverkill the Devastator (level 20, -1/161 HPs)
             Began as a Yellow Draconian Fire Elementalist on June 11, 2016.
             Was the Champion of Vehumet.
             Slain by a vault warden
             ... wielding a +0 halberd
              (29 damage)
             ... on level 3 of the Vaults on June 13, 2016.
             The game lasted 07:01:16 (68807 turns).

GordonOverkill the Devastator (DrFE)               Turns: 68807, Time: 07:01:16

Health: -1/161     AC: 20    Str: 17    XL:     20   Next: 7%
Magic:  11/38      EV: 24    Int: 24    God:    Vehumet [******]
Gold:   2203       SH:  9    Dex: 18    Spells: 11 memorised, 2 levels left

rFire  . . .     SeeInvis .     i - +8 short sword (elec)
rCold  . . .     Gourm    .     (armour unavailable)
rNeg   . . .     Faith    .     S - +3 buckler of the Realm of Zot {rPois Str+3}
rPois  +         Spirit   .     n - +2 hat
rElec  .         Dismiss  .     B - +1 cloak {+Inv}
rCorr  +         Reflect  .     K - +2 pair of gloves {Str+3}
SustAt .         Harm     .     t - +2 pair of boots
MR     ++...                    c - amulet of magic regeneration
Stlth  ++++......               X - ring of protection from magic
                                z - ring of Secrets {EV+3 Int+2 Dex+4}

@: delayed fireball, very resistant to hostile enchantments, stealthy
A: spit acid, acid resistance, unfitting armour, sense surroundings 1, acidic
bite, cold-blooded, AC +10
a: Spit Acid, Renounce Religion, Release Delayed Fireball, Evoke Invisibility
}: 2/15 runes: decaying, gossamer


You were on level 3 of the Vaults.
You worshipped Vehumet.
Vehumet was exalted by your worship.
You were very hungry.

You visited 7 branches of the dungeon, and saw 37 of its levels.
You visited the Abyss 1 time.
You also visited: Labyrinth, Ossuary and Volcano.

You collected 4727 gold pieces.
You spent 2524 gold pieces at shops.

Inventory:

Hand Weapons
 a - the +0 blowgun "Lifebane" {evade, rElec Str+4}
   (You bought it in a shop on level 2 of the Orcish Mines)

   It affects your evasion (+5 to EV).
   It affects your strength (+4).
   It insulates you from electricity.
 b - a +2 dagger of protection
 i - a +8 short sword of electrocution (weapon)
 s - a +2 rapier of electrocution
Missiles
 f - 3 throwing nets (quivered)
Armour
 n - a +2 hat (worn)
 t - a +2 pair of boots (worn)
 B - a +1 cloak of invisibility (worn)
 K - a +2 pair of gloves of strength (worn)
 S - the +3 buckler of the Realm of Zot (worn) {rPois Str+3}
   (You acquired it on level 4 of the Spider Nest)

   It affects your strength (+3).
   It protects you from poison.
Jewellery
 c - an amulet of magic regeneration (around neck)
 l - an uncursed amulet of dismissal {unknown}
 y - an uncursed ring of magical power
 z - the ring of Secrets (left hand) {EV+3 Int+2 Dex+4}
   (You took it off a minotaur in a labyrinth)

   [ring of evasion]

   It affects your evasion (+3).
   It affects your intelligence (+2).
   It affects your dexterity (+4).
 N - an uncursed ring of see invisible
 X - a ring of protection from magic (right hand)
Wands
 k - a wand of teleportation (9/9)
 O - a wand of iceblast (5/15)
 R - a wand of digging (10/24)
 W - a wand of heal wounds (2/9)
Scrolls
 m - 3 scrolls of magic mapping
 q - 8 scrolls of teleportation
 r - 2 scrolls of fog
 D - 13 scrolls of remove curse
 E - a scroll of brand weapon
 F - a scroll of identify
 M - a scroll of silence
Potions
 d - 4 potions of flight
 e - 2 potions of cancellation
 g - 2 potions of resistance
 j - 9 potions of agility
 u - 4 potions of ambrosia
 v - a potion of magic
 w - a potion of berserk rage
 x - 2 potions of curing
 H - 8 potions of brilliance
 J - 3 potions of haste
 P - 4 potions of invisibility
Books
 o - a book of Maledictions

   Spells                             Type                      Level
   a - Corona                         Hexes                        1
   b - Ensorcelled Hibernation        Hexes/Ice                    2
   c - Confuse                        Hexes                        3
   d - Tukima's Dance                 Hexes                        3
   e - Dazzling Spray                 Conjuration/Hexes            3
Comestibles
 h - 7 bread rations
 A - 15 fruits
 C - 2 meat rations
 Q - a royal jelly
 V - 5 beef jerkies


   Skills:
 - Level 10.0 Fighting
 - Level 11.1 Dodging
 - Level 10.0 Stealth
 - Level 6.0 Shields
 - Level 14.0 Spellcasting
 + Level 17.9 Conjurations
 - Level 7.0 Hexes
 - Level 9.0 Summonings
 - Level 2.5 Translocations
 - Level 16.0 Fire Magic
 - Level 9.0 Air Magic
 - Level 4.0 Evocations


You had 2 spell levels left.
You knew the following spells:

 Your Spells              Type           Power        Failure   Level  Hunger
a - Flame Tongue          Conj/Fire      #####        0%          1    None
b - Delayed Fireball      Conj/Fire      N/A          1%          7    ######.
c - Sticky Flame          Conj/Fire      #######.     1%          4    None
d - Fireball              Conj/Fire      #######...   1%          5    ###....
e - Airstrike             Air            ######....   1%          4    None
f - Orb of Destruction    Conj           #######...   1%          7    ######.
g - Bolt of Fire          Conj/Fire      #######...   1%          6    #####..
h - Repel Missiles        Chrm/Air       #####.       1%          2    None
i - Blink                 Tloc           N/A          1%          2    None
j - Summon Mana Viper     Hex/Summ       ######..     3%          5    ###....
k - Spellforged Servitor  Conj/Summ      ######....   4%          7    ######.


Dungeon Overview and Level Annotations

Branches:
Dungeon (15/15)            Temple (1/1) D:5            Lair (8/8) D:10
  Swamp (4/4) Lair:3       Spider (4/4) Lair:6        Slime (0/6) Lair:6
    Orc (2/2) D:10            Elf (0/3) Orc:2        Vaults (3/5) D:14
  Crypt (0/3) Vaults:2     Depths (0/5) D:15

Altars:
Ashenzari
Cheibriados
Dithmenos
Elyvilon
Fedhas
Gozag
Kikubaaqudgha
Makhleb
Nemelex Xobeh
Okawaru
Pakellas
Qazlal
Ru
Sif Muna
Trog
Vehumet
Xom
Yredelemnul
Zin
The Shining One
Jiyva

Shops:
D:15 [   Orc:2 (:[(?}[   Vaults:2 *


Innate Abilities, Weirdness & Mutations

You can spit globs of acid.
You are resistant to acid.
Your golden yellow scales are hard (AC +10).
Your body does not fit into most forms of armour.
You have acidic saliva.
You are cold-blooded and may be slowed by cold attacks.
You passively map a small area around you.


Message History

The ironheart preserver burns!
You kill the ironheart preserver!
Vehumet accepts your kill.
Casting: Bolt of Fire
Confirm with . or Enter, or press ? or * to list all spells.
Aiming: Bolt of Fire
Press: ? - help, Shift-Dir - straight line, f/p - vault warden
Aim: a vault warden, wielding a halberd and wearing a chain mail (heavily wounded)
The bolt of fire hits the vault warden.
The vault warden is almost dead.
The vault warden hits you from afar with a halberd!!
* * * LOW HITPOINT WARNING * * *
Casting: Bolt of Fire
Confirm with . or Enter, or press ? or * to list all spells.
Aiming: Bolt of Fire
Press: ? - help, Shift-Dir - straight line, f/p - vault warden
Aim: a vault warden, wielding a halberd and wearing a chain mail (almost dead)
The bolt of fire misses the vault warden.
The vault warden hits you from afar with a halberd!!
You die...

, * *.# ,... * * **
#######+## * , ,
.$....... , , ,,
......... , , #........ ,
, , , ,#)p)..... , ,#.#
** , , #@#, , , , ,, ,#.#
,, , ,#.... , , ,, #.#
#.... , #.# ,, , #.... ,
,#.#, , #.... #######.#,
,, , ,#....
........############....
........................
,
,........................


You could see a vault warden.

Vanquished Creatures
  Nikola (Vaults:1)
  4 thorn hunters
  Kirke (Lair:3)
  2 ancient champions (Vaults:2)
  Gastronok (Lair:3)
  5 vault wardens (Vaults:2)
  4 ghost moths
  Maud (D:13)
  2 orc warlords
  4 emperor scorpions (Spider:4)
  10 ironheart preservers
  A very ugly thing (Swamp:3)
  A salamander stormcaller (Vaults:2)
  A deep elf demonologist (Vaults:2)
  5 spark wasps
  Azrael (D:13)
  The ghost of markolepsija72 the Protected, a journeyman MiGl of Qazlal (D:12)
  An ettin (Orc:1)
  A minotaur (Lab)
  A deep elf death mage (Vaults:2)
  2 yaktaur captains (Vaults:2)
  7 vault guards
  A fire dragon (Vaults:1)
  3 ice dragons
  2 great orbs of eyes
  36 hydras
  2 entropy weavers
  A rakshasa (Vaults:2)
  3 ghost crabs
  The ghost of Leafly the Blocker, a journeyman DsFi of Okawaru (D:11)
  A catoblepas (Lair:8)
  4 centaur warriors
  11 ogre magi
  A death knight (D:11)
  10 death yaks (Lair:8)
  14 alligators
  A tengu warrior (D:15)
  The ghost of shwouchk the Ducker, a novice DrCj of Qazlal (D:10)
  4 deep troll shamans
  5 deep elf knights
  A fire crab (Vaults:3)
  The ghost of markolepsija72 the Carver, a novice TeBe of Trog (D:8)
  8 skeletal warriors
  3 unseen horrors
  13 swamp dragons
  6 deep trolls (Vaults:1)
  A deep troll (shapeshifter) (D:15)
  The ghost of Anmu the Covered, a novice FoCK of Xom (D:6)
  5 orc knights
  5 deep elf archers
  7 hill giants
  An anubis guard (shapeshifter) (Vaults:2)
  9 ironbrand convokers
  3 shambling mangroves
  A wolf spider zombie (D:15)
  29 wolf spiders
  A necromancer (Vaults:1)
  A wizard (Vaults:2)
  16 orb spiders
  9 deep elf magi
  A hornet (shapeshifter) (Vaults:2)
  5 cyclopes
  A manticore (D:11)
  7 griffons
  9 hornets
  3 orc sorcerers
  3 oklob plants
  28 ugly things
  A moth of wrath (shapeshifter) (D:15)
  A toenail golem (Volcano)
  4 black mambas
  9 elephants
  3 moths of wrath
  4 vault sentinels
  The ghost of Voga the Sneak, a novice NaAs of Cheibriados (D:5)
  Psyche (D:9)
  A guardian serpent (shapeshifter) (D:11)
  2 torpor snails
  A frost giant skeleton (Vaults:1)
  5 gargoyles
  21 spiny frogs
  A kobold demonologist (D:14)
  9 yaktaurs
  An efreet (Volcano)
  2 freezing wraiths
  18 demonic crawlers
  8 rime drakes
  14 komodo dragons
  A komodo dragon (shapeshifter) (Vaults:1)
  A yaktaur skeleton (Vaults:1)
  8 trolls
  A red devil (Volcano)
  A tengu conjurer (D:15)
  Prince Ribbit (D:9)
  30 jumping spiders
  30 two-headed ogres
  5 giant leeches
  A polar bear (Lair:8)
  48 slime creatures
  17 blink frogs
  6 boulder beetles
  9 bog bodies
  A frost giant simulacrum (Vaults:1)
  3 spriggans
  A spriggan (shapeshifter) (Vaults:3)
  Sigmund (D:5)
  37 tarantellas
  2 wyverns
  75 redbacks
  4 shadows
  A vampire (D:14)
  4 fire elementals
  4 wraiths
  7 basilisks
  A golden eye (shapeshifter) (D:15)
  Grum (D:9)
  31 yaks
  28 vampire mosquitoes
  A basilisk (shapeshifter) (Vaults:2)
  7 hungry ghosts
  A steam dragon (D:10)
  11 hippogriffs
  14 insubstantial wisps
  4 wargs
  Edmund (D:5)
  20 swamp worms
  A mottled dragon (D:11)
  2 soldier ants
  16 porcupines
  22 water moccasins
  36 orc warriors
  3 hell hounds (D:13)
  8 swamp drakes
  2 black bears
  53 ogres
  5 sky beasts
  3 ice beasts
  9 wasps
  9 boggarts
  3 phantoms
  17 centaurs
  A wolf (shapeshifter) (Vaults:2)
  25 wolves
  22 crocodiles
  2 elf zombies (Ossuary)
  9 big kobolds
  27 giant frogs
  3 gnoll sergeants
  An ogre simulacrum (Vaults:1)
  2 wyvern zombies
  4 scorpions
  16 killer bees
  A human simulacrum (Vaults:1)
  6 wights
  A howler monkey (D:7)
  An electric eel (Spider:3)
  8 crimson imps
  2 giant frog zombies
  6 hounds
  6 jellies
  4 centaur zombies
  2 quasits
  6 centaur skeletons
  3 human zombies (Ossuary)
  21 orc wizards
  2 giant frog skeletons
  10 orc priests
  23 iguanas
  16 worker ants
  29 sheep
  A big kobold zombie (Ossuary)
  3 mummies (Ossuary)
  5 gnolls
  A worker ant zombie (D:11)
  14 adders
  104 river rats
  3 shadow imps
  3 oozes
  An adder zombie (Ossuary)
  2 adder skeletons
  5 worms
  8 dart slugs
  11 giant geckos
  96 orcs
  10 giant cockroaches
  A gnoll zombie (Ossuary)
  7 hobgoblins
  22 jackals
  4 quokkas
  2 ball pythons
  25 bats
  9 giant newts
  11 goblins
  6 goblin zombies (Ossuary)
  5 hobgoblin zombies (Ossuary)
  A jackal skeleton (D:4)
  3 jackal zombies
  18 kobolds
  2 kobold zombies (Ossuary)
  An orc zombie (Ossuary)
  6 quokka zombies
  16 rats
  2 rat zombies (Ossuary)
  A fungus (Lair:5)
  3 plants
1722 creatures vanquished.

Vanquished Creatures (collateral kills)
  A ghost moth (Spider:4)
  A vault warden (Vaults:1)
  An emperor scorpion (Spider:4)
  A deep elf knight (Vaults:2)
  A fire crab (Vaults:2)
  A moth of wrath (Spider:4)
  A jumping spider (Spider:4)
  A shadow (Vaults:2)
  2 ogres (Vaults:2)
10 creatures vanquished.

Vanquished Creatures (others)
  A ghost moth (Spider:3)
  A shadow wraith (Vaults:3)
  2 wolf spiders (Spider:1)
  2 demonic crawlers (Spider:4)
  2 jumping spiders
  A slime creature (Swamp:1)
  A tarantella (Spider:3)
  3 humans (Swamp:1)
  A swamp worm (Lair:3)
  27 fungi
  12 plants
53 creatures vanquished.

Grand Total: 1785 creatures vanquished

Notes
Turn   | Place    | Note
--------------------------------------------------------------
     0 | D:1      | GordonOverkill the Draconian Fire Elementalist began the quest for the Orb.
     0 | D:1      | Reached XP level 1. HP: 14/14 MP: 3/3
   101 | D:1      | Reached skill level 2 in Conjurations
   368 | D:1      | Reached XP level 2. HP: 11/20 MP: 0/5
  1065 | D:1      | Reached skill level 3 in Conjurations
  1106 | D:1      | Reached XP level 3. HP: 26/26 MP: 4/6
  1866 | D:2      | Learned a level 3 spell: Conjure Flame
  2193 | D:2      | Reached XP level 4. HP: 33/33 MP: 5/7
  2256 | D:2      | Reached skill level 4 in Conjurations
  3512 | D:3      | Found a glowing silver altar of Zin.
  3832 | D:3      | Reached XP level 5. HP: 36/38 MP: 2/8
  3838 | D:3      | Reached skill level 5 in Conjurations
  4301 | D:3      | Learned a level 4 spell: Sticky Flame
  5319 | D:4      | Found a sparkling altar of Nemelex Xobeh.
  5380 | D:4      | Found a deep blue altar of Sif Muna.
  5390 | D:4      | Reached XP level 6. HP: 45/45 MP: 5/9
  5801 | D:4      | Reached skill level 5 in Fire Magic
  6593 | D:5      | Entered Level 5 of the Dungeon
  6667 | D:5      | Your scales start taking on a golden yellow colour.
  6667 | D:5      | Reached XP level 7. HP: 48/50 MP: 4/10
  7028 | D:5      | Found a staircase to the Ecumenical Temple.
  7036 | Temple   | Entered the Ecumenical Temple
  7279 | Temple   | Became a worshipper of Vehumet
  7527 | D:5      | Reached skill level 6 in Conjurations
  7568 | D:5      | Noticed Sigmund
  7585 | D:5      | Killed Sigmund
  7693 | D:5      | Noticed Edmund
  7702 | D:5      | Killed Edmund
  7712 | D:5      | Learned a level 5 spell: Fireball
  7806 | D:5      | Noticed Voga's ghost (novice NaAs)
  8250 | D:5      | Killed Voga's ghost
  8250 | D:5      | Reached skill level 5 in Spellcasting
  8250 | D:5      | Reached XP level 8. HP: 57/57 MP: 0/16
  8977 | D:6      | Noticed Anmu's ghost (novice FoCK)
  8987 | D:6      | Killed Anmu's ghost
  8987 | D:6      | Reached skill level 8 in Conjurations
  9170 | D:6      | Identified a scroll of acquirement
  9251 | D:6      | Reached XP level 9. HP: 62/62 MP: 15/18
  9716 | D:6      | Noticed a gargoyle
  9721 | D:6      | Reached skill level 9 in Conjurations
 10242 | D:7      | Reached * piety under Vehumet
 10242 | D:7      | Offered knowledge of Magic Dart by Vehumet.
 10749 | D:7      | Reached skill level 10 in Conjurations
 10881 | D:8      | Noticed markolepsija72's ghost (novice TeBe)
 11005 | D:8      | Found a sand-covered staircase.
 11011 | Ossuary  | Entered an ossuary
 11180 | Ossuary  | Reached ** piety under Vehumet
 11180 | Ossuary  | Offered knowledge of Shock by Vehumet.
 11409 | Ossuary  | Offered knowledge of Ignite Poison by Vehumet.
 11645 | D:8      | Found a glowing golden altar of the Shining One.
 11680 | D:8      | Reached *** piety under Vehumet
 11766 | D:8      | Reached skill level 5 in Dodging
 11766 | D:8      | Reached XP level 10. HP: 55/78 MP: 3/19
 12152 | D:8      | Noticed a three-headed hydra
 12170 | D:8      | Killed a three-headed hydra
 13305 | D:9      | Offered knowledge of Airstrike by Vehumet.
 13762 | D:9      | Reached skill level 10 in Fire Magic
 13834 | D:9      | Noticed Grum
 13843 | D:9      | Killed Grum
 13873 | D:9      | Noticed Psyche
 13956 | D:9      | Killed Psyche
 14015 | D:9      | Found a white marble altar of Elyvilon.
 14016 | D:9      | Noticed Prince Ribbit
 14021 | D:9      | Killed Prince Ribbit
 14093 | D:9      | Learned a level 4 spell: Airstrike
 14121 | D:9      | Reached **** piety under Vehumet
 14190 | D:9      | Found an iron altar of Okawaru.
 14206 | D:9      | Reached XP level 11. HP: 84/84 MP: 16/20
 14311 | D:10     | Entered Level 10 of the Dungeon
 14319 | D:10     | Offered knowledge of Fulminant Prism by Vehumet.
 14332 | D:10     | Noticed shwouchk's ghost (novice DrCj)
 14533 | D:10     | Reached skill level 1 in Air Magic
 14612 | D:10     | Noticed a hill giant
 14624 | D:10     | Killed a hill giant
 15429 | D:10     | Noticed an unseen horror
 15432 | D:10     | Killed an unseen horror
 15609 | D:10     | Found a staircase to the Lair.
 15614 | Lair:1   | Entered Level 1 of the Lair of Beasts
 15617 | Lair:1   | Reached skill level 5 in Air Magic
 15622 | Lair:1   | Reached ***** piety under Vehumet
 15622 | Lair:1   | Offered knowledge of Lightning Bolt by Vehumet.
 15984 | Lair:1   | Learned a level 5 spell: Lightning Bolt
 17630 | Lair:2   | Reached XP level 12. HP: 93/93 MP: 9/25
 17639 | Lair:2   | Reached skill level 5 in Fighting
 18020 | Lair:2   | Noticed a five-headed hydra
 18033 | Lair:2   | Killed a five-headed hydra
 18797 | Lair:3   | Noticed Gastronok
 19649 | Lair:3   | Killed Gastronok
 19998 | Lair:3   | Found a staircase to the Swamp.
 21007 | Lair:4   | Offered knowledge of Bolt of Fire by Vehumet.
 21044 | Lair:4   | Found a labyrinth entrance.
 21054 | Lab      | Entered a labyrinth
 21520 | Lab      | Noticed a minotaur
 21532 | Lab      | Killed a minotaur
 21736 | Lab      | Got a scorched pewter ring
 21759 | Lab      | Identified the Volume of the Compass
 21766 | Lab      | Identified the ring of Secrets {EV+3 Int+2 Dex+4} (You took it off a minotaur in a labyrinth)
 21829 | Lair:4   | Reached skill level 10 in Dodging
 21848 | Lair:4   | Reached XP level 13. HP: 95/105 MP: 11/26
 23243 | Lair:5   | Learned a level 6 spell: Bolt of Fire
 24141 | Lair:5   | Reached skill level 11 in Conjurations
 24671 | Lair:6   | Found a dark tunnel.
 24678 | Volcano  | Entered a volcano
 24837 | Volcano  | Offered knowledge of Bolt of Cold by Vehumet.
 24984 | Lair:6   | Found a hole to the Spider Nest.
 25218 | Lair:6   | Got a translucent long sword
 25226 | Lair:6   | Identified the +4 long sword of Vixtezy {slice, -Tele rElec Str+4} (You found it on level 6 of the Lair of Beasts)
 25634 | Lair:6   | Found a viscous altar of Jiyva.
 25634 | Lair:6   | Found a staircase to the Slime Pits.
 26163 | Lair:7   | Reached skill level 1 in Evocations
 27004 | Lair:8   | Entered Level 8 of the Lair of Beasts
 27462 | Lair:8   | Offered knowledge of Bolt of Magma by Vehumet.
 27501 | Lair:8   | Gained mutation: You have acidic saliva. [Yellow Draconian growth]
 27501 | Lair:8   | Reached XP level 14. HP: 87/113 MP: 27/27
 27816 | Lair:8   | Reached skill level 5 in Stealth
 28246 | Lair:8   | Got a transparent flail
 28260 | Lair:8   | Identified the +10 flail of Otanimuu {freeze, rN+} (You found it on level 8 of the Lair of Beasts)
 29130 | D:10     | Killed shwouchk's ghost
 29249 | D:10     | Found a staircase to the Orcish Mines.
 29518 | Orc:1    | Entered Level 1 of the Orcish Mines
 29899 | Orc:1    | Reached skill level 10 in Stealth
 30152 | Orc:2    | Entered Level 2 of the Orcish Mines
 30152 | Orc:2    | Noticed an orc warlord
 30211 | Orc:2    | Offered knowledge of Conjure Ball Lightning by Vehumet.
 30366 | Orc:1    | Killed an orc warlord
 30700 | Orc:2    | Found a staircase to the Elven Halls.
 30731 | Orc:2    | Found Hiamech's Weapon Shop.
 30820 | Orc:2    | Found Vughejan's Book Shop.
 30843 | Orc:2    | Noticed an orc warlord
 30986 | Orc:2    | Killed an orc warlord
 31112 | Orc:1    | Reached XP level 15. HP: 93/118 MP: 20/28
 31428 | Orc:2    | Found Faprarudd's Weapon Emporium.
 31428 | Orc:2    | Found Fazad's Antique Armour Boutique.
 31466 | Orc:2    | Found Kytsaps's Magic Scroll Emporium.
 31466 | Orc:2    | Found Wiab's Gadget Shop.
 31488 | Orc:2    | Bought an embroidered hat for 156 gold pieces
 31500 | Orc:2    | Bought 2 scrolls of teleportation for 72 gold pieces
 31500 | Orc:2    | Bought a scroll of teleportation for 36 gold pieces
 31500 | Orc:2    | Bought a scroll of identify for 24 gold pieces
 31500 | Orc:2    | Bought a scroll of identify for 24 gold pieces
 31500 | Orc:2    | Bought a scroll of identify for 24 gold pieces
 31500 | Orc:2    | Bought a scroll of fog for 24 gold pieces
 31617 | Orc:2    | Bought the cursed +0 blowgun "Lifebane" {evade, rElec Str+4} for 358 gold pieces
 31759 | Orc:2    | Found Tuymnusk's Antique Armour Shoppe.
 31846 | Orc:2    | Bought a book of Minor Magic for 260 gold pieces
 31846 | Orc:2    | Bought a book of Cantrips for 260 gold pieces
 31846 | Orc:2    | Bought a book of Summonings for 910 gold pieces
 31849 | Orc:2    | Learned a level 2 spell: Repel Missiles
 31852 | Orc:2    | Learned a level 2 spell: Blink
 31976 | Orc:1    | Reached skill level 1 in Translocations
 32409 | D:8      | Killed markolepsija72's ghost
 32549 | D:11     | Reached ****** piety under Vehumet
 32652 | D:11     | Offered knowledge of Delayed Fireball by Vehumet.
 32907 | D:11     | Gained mutation: You passively map a small area around you. [potion of beneficial mutation]
 33295 | D:11     | Noticed Leafly's ghost (journeyman DsFi)
 33990 | D:11     | Killed Leafly's ghost
 34412 | D:11     | Got a jewelled short sword
 34413 | D:11     | Identified the +3 short sword of Currency {pain, rPois} (You found it on level 11 of the Dungeon)
 35082 | D:12     | Noticed markolepsija72's ghost (journeyman MiGl)
 35162 | D:12     | Killed markolepsija72's ghost
 35162 | D:12     | Reached skill level 10 in Spellcasting
 35171 | D:12     | Learned a level 7 spell: Delayed Fireball
 35848 | D:12     | Found an oddly glowing altar of Pakellas.
 36353 | D:13     | Noticed Maud
 36398 | D:13     | Killed Maud
 36534 | D:13     | Learned a level 5 spell: Summon Mana Viper
 36986 | D:13     | Noticed Azrael
 37015 | D:13     | HP: 5/118 [fire elemental[Azrael] (8)]
 37306 | D:13     | Killed Azrael
 37818 | D:14     | Offered knowledge of Spellforged Servitor by Vehumet.
 37854 | D:14     | Found a gate to the Vaults.
 39076 | D:14     | Reached XP level 16. HP: 126/126 MP: 28/33
 39434 | D:15     | Entered Level 15 of the Dungeon
 39625 | D:15     | Got a crystal trident
 39628 | D:15     | Identified the +4 trident "Emugar" {pierce, MR+} (You found it on level 15 of the Dungeon)
 39947 | D:15     | Found a staircase to the Depths.
 40442 | D:15     | Found a shattered altar of Ashenzari.
 40503 | D:15     | Learned a level 7 spell: Spellforged Servitor
 40554 | D:15     | Reached skill level 1 in Summonings
 40610 | D:15     | Found Laofra's Antique Armour Shoppe.
 40618 | D:15     | Bought a runed cloak for 130 gold pieces
 40853 | D:15     | Reached skill level 1 in Shields
 41183 | Spider:1 | Entered Level 1 of the Spider Nest
 41469 | Swamp:1  | Entered Level 1 of the Swamp
 41513 | Swamp:1  | Noticed Kirke
 41779 | Lair:3   | Killed Kirke
 42220 | Swamp:1  | Reached skill level 5 in Shields
 42708 | Swamp:1  | Noticed a thorn hunter
 42715 | Swamp:1  | Killed a thorn hunter
 43342 | Swamp:1  | Offered knowledge of Shatter by Vehumet.
 43342 | Swamp:1  | Offered knowledge of Chain Lightning by Vehumet.
 43342 | Swamp:1  | Offered knowledge of Tornado by Vehumet.
 43903 | Swamp:2  | Reached skill level 12 in Conjurations
 44532 | Swamp:2  | Got a warped shield
 44543 | Swamp:2  | Identified the +0 shield "Veboxted" {rC+} (You acquired it on level 2 of the Swamp)
 45393 | Swamp:3  | Reached skill level 13 in Conjurations
 45704 | Swamp:3  | Noticed a thorn hunter
 45715 | Swamp:3  | Killed a thorn hunter
 46020 | Swamp:3  | Reached XP level 17. HP: 95/132 MP: 35/35
 46820 | Swamp:3  | Reached skill level 14 in Conjurations
 47651 | Swamp:4  | Entered Level 4 of the Swamp
 47752 | Swamp:4  | HP: 4/132 [hornet[a shambling mangrove] (14)]
 47992 | Swamp:4  | Reached skill level 15 in Conjurations
 48228 | Swamp:3  | HP: 3/132 [eight-headed hydra (16)]
 49032 | Swamp:4  | Reached skill level 16 in Conjurations
 49183 | Swamp:4  | Found an ancient bone altar of Kikubaaqudgha.
 49926 | Swamp:4  | Got a decaying rune of Zot
 52145 | Spider:1 | Reached skill level 17 in Conjurations
 52765 | Spider:1 | Reached XP level 18. HP: 138/139 MP: 36/36
 54122 | Spider:2 | Reached skill level 5 in Summonings
 56235 | Spider:4 | Entered Level 4 of the Spider Nest
 56333 | Spider:4 | Got a polished buckler
 56344 | Spider:4 | Identified the +3 buckler of the Realm of Zot {rPois Str+3} (You acquired it on level 4 of the Spider Nest)
 57587 | Spider:4 | Reached skill level 1 in Hexes
 58829 | Spider:4 | Reached skill level 5 in Hexes
 60134 | Spider:4 | HP: 6/139 [poisoned by a wolf spider]
 60627 | Spider:4 | Got a gossamer rune of Zot
 61050 | Lair:1   | Learned a level 7 spell: Orb of Destruction
 61162 | Vaults:1 | Entered Level 1 of the Vaults
 61613 | Vaults:1 | Noticed Nikola
 61624 | Vaults:1 | Killed Nikola
 62069 | Vaults:1 | Reached XP level 19. HP: 151/151 MP: 33/37
 62822 | Vaults:1 | Reached skill level 10 in Fighting
 63903 | Vaults:2 | Cast into level 3 of the Abyss (an ogre mage)
 63922 | Vaults:2 | Escaped the Abyss
 65000 | Vaults:2 | Reached skill level 15 in Fire Magic
 65177 | Vaults:2 | Found a staircase to the Crypt.
 65566 | Vaults:2 | Found Riri's Assorted Antiques.
 65576 | Vaults:2 | Bought a potion of curing for 123 gold pieces
 65576 | Vaults:2 | Bought a potion of curing for 123 gold pieces
 68113 | Vaults:3 | Reached XP level 20. HP: 106/161 MP: 38/38
 68807 | Vaults:3 | Slain by a vault warden

Skill      XL: |  1  2  3  4  5  6  7  8  9 10 11 12 13 14 15 16 17 18 19 |
---------------+----------------------------------------------------------+-----
Conjurations   | 2 3 4 5 6 8 10 11 13 17 | 17.9
Fire Magic     | 4 6 10 11 12 13 16 | 16.0
Spellcasting   | 5 6 9 13 14 | 14.0
Fighting       | 4 7 9 10 | 10.0
Dodging        | 5 10 11 | 11.1
Air Magic      | 6 9 |  9.0
Evocations     | 4 |  4.0
Stealth        | 3 10 | 10.0
Translocations | 2 |  2.5
Summonings     | 1 3 9 |  9.0
Shields        | 6 |  6.0
Hexes          | 7 |  7.0

Action                   |  1- 3 |  4- 6 |  7- 9 | 10-12 | 13-15 | 16-18 | 19-21 || total
-------------------------+-------+-------+-------+-------+-------+-------+-------++-------
Melee: Dagger            |    39 |    45 |   134 |   276 |    64 |   681 |     6 ||  1245
       Unarmed           |     6 |       |       |       |       |       |       ||     6
       Tailslap          |     5 |     2 |    20 |    32 |    73 |   135 |    30 ||   297
       Short sword       |       |       |       |    12 |   420 |    70 |   191 ||   693
       Bite              |       |       |       |       |    23 |   115 |    31 ||   169
 Fire: Blowgun           |       |       |       |       |       |     8 |       ||     8
Throw: Throwing net      |       |       |       |       |       |     4 |       ||     4
 Cast: Flame Tongue      |    75 |   210 |   286 |   491 |   320 |   474 |    21 ||  1877
       Sticky Flame      |       |       |    47 |   187 |   307 |   472 |    96 ||  1109
       Conjure Flame     |       |       |    10 |    15 |     1 |       |       ||    26
       Fireball          |       |       |     1 |    21 |    71 |   121 |   172 ||   386
       Airstrike         |       |       |       |       |    60 |   233 |    70 ||   363
       Bolt of Fire      |       |       |       |       |    99 |   175 |    69 ||   343
       Lightning Bolt    |       |       |       |       |    45 |    37 |       ||    82
       Repel Missiles    |       |       |       |       |     3 |     2 |       ||     5
       Delayed Fireball  |       |       |       |       |       |     3 |       ||     3
       Spellforged Servi |       |       |       |       |       |     7 |     2 ||     9
       Blink             |       |       |       |       |       |     1 |     2 ||     3
       Orb of Destructio |       |       |       |       |       |       |     7 ||     7
 Abil: Spit Acid         |       |       |     1 |       |     1 |       |       ||     2
       Release Delayed F |       |       |       |       |       |     2 |       ||     2
Evoke: Wand              |       |       |       |     1 |       |    34 |     1 ||    36
  Use: Scroll            |       |     9 |     9 |    11 |    32 |    21 |     2 ||    84
       Potion            |       |       |       |     2 |     4 |    17 |     2 ||    25
 Stab: Sleeping          |       |     1 |       |       |       |       |       ||     1
       Held in net/web   |       |       |       |       |       |     4 |       ||     4
       Distracted        |       |       |       |       |       |     2 |       ||     2
       Confused          |       |       |       |       |       |     1 |       ||     1
  Eat: Chunk             |     5 |    18 |    15 |    39 |    71 |    36 |    47 ||   231
       Meat ration       |       |       |     2 |     2 |     7 |    12 |       ||    23
       Pizza             |       |       |       |     1 |     2 |     7 |       ||    10
       Fruit             |       |       |       |     1 |       |     3 |     2 ||     6
       Beef jerky        |       |       |       |     2 |       |     3 |       ||     5
       Bread ration      |       |       |       |       |     3 |     5 |     1 ||     9
Armor: Skin              |    22 |    78 |    77 |   219 |   234 |   882 |   106 ||  1618
Dodge: Dodged            |    69 |   133 |   109 |   442 |  1101 |  2565 |   278 ||  4697
       Deflected         |       |       |       |       |     9 |     7 |    12 ||    28
Block: Buckler           |       |       |       |       |       |   751 |   139 ||   890
       Shield            |       |       |       |       |       |    40 |       ||    40
